 Dungeon Crawl Stone Soup version 0.19.1 (webtiles) character file.

254 Gargo the Digger (level 6, -2/32 HPs)
             Began as a Gargoyle Earth Elementalist on Dec 8, 2016.
             Slain by an iguana (6 damage)
             ... on level 4 of the Dungeon.
             The game lasted 00:13:33 (1483 turns).

Gargo the Digger (Gargoyle Earth Elementalist)      Turns: 1483, Time: 00:13:34

Health: -2/32      AC:  6    Str: 11    XL:     6   Next: 14%
Magic:  6/12       EV: 12    Int: 18    God:
Gold:   134        SH:  0    Dex: 10    Spells: 2 memorised, 9 levels left

rFire  . . .     SeeInvis .     a - +1 flail (crush)
rCold  . . .     Gourm    .     c - +0 robe
rNeg   + . .     Faith    .     (no shield)
rPois  ∞         Spirit   .     (no helmet)
rElec  +         Reflect  .     (no cloak)
rCorr  .         Harm     .     (no gloves)
MR     .....                    (no boots)
Stlth  ++........               (no amulet)
                                (no ring)
                                (no ring)

@: no status effects
A: negative energy resistance 1, electricity resistance, unbreathing,
petrification resistance, rot immunity, AC +4
a: no special abilities


You were on level 4 of the Dungeon.
You were very hungry.

You visited 1 branch of the dungeon, and saw 5 of its levels.
You also visited: Sewer.

You collected 134 gold pieces.

Inventory:

Hand Weapons
 a - a +1 flail of crushing (weapon)
 k - a +0 club
 n - a cursed +0 mace
 t - a +0 short sword
Missiles
 b - 53 stones (quivered)
Armour
 c - a +0 robe (worn)
 g - a +0 buckler
Scrolls
 f - a scroll of enchant weapon
 j - 2 scrolls of identify
 o - 2 scrolls of teleportation
Potions
 h - a potion of cure mutation
 l - a potion of haste
 m - a potion of heal wounds {unknown}
 p - a potion of lignification {unknown}
 q - a potion of berserk rage {unknown}
 r - a potion of resistance {unknown}
 u - a potion of curing {unknown}
 v - a potion of agility {unknown}
 w - a potion of degeneration {unknown}
Books
 e - a book of Geomancy

   Spells                             Type                      Level
   a - Sandblast                      Earth                        1
   b - Passwall                       Transmutation/Earth          2
   c - Stone Arrow                    Conjuration/Earth            3
   d - Petrify                        Transmutation/Earth          4
   e - Lee's Rapid Deconstruction     Earth                        5
Comestibles
 d - a bread ration
 s - 2 fruits


   Skills:
 - Level 1.5 Dodging
 - Level 2.1 Stealth
 * Level 4.3 Spellcasting
 + Level 2.5 Conjurations
   Level 0.7 Transmutations
 + Level 5.1 Earth Magic


You had 9 spell levels left.
You knew the following spells:

 Your Spells              Type           Power        Failure   Level  Hunger
a - Sandblast             Erth           ###...       1%          1    None
A - Stone Arrow           Conj/Erth      ###...       12%         3    ###....


Dungeon Overview and Level Annotations

Branches:
Dungeon (5/15)
 Temple: D:4-7

Altars:
Ashenzari
Elyvilon


Innate Abilities, Weirdness & Mutations

You are resistant to torment.
Your stone body is resilient. (AC +4)
You are immune to poison.
You resist negative energy. (rN+)
You are resistant to electric shocks. (rElec)
You can survive without breathing.
You are immune to petrification.
You are immune to rotting.


Message History

The iguana is lightly wounded.
The iguana bites you but does no damage.
Casting: Sandblast
Confirm with . or Enter, or press ? or * to list all spells.
Aiming: Sandblast
Press: ? - help, Shift-Dir - straight line, f/p - iguana
Aim: an iguana (lightly wounded)
The blast of sand hits the iguana.
The iguana is heavily wounded.
The iguana bites you!
* * * LOW HITPOINT WARNING * * *
Casting: Sandblast
Confirm with . or Enter, or press ? or * to list all spells.
Aiming: Stone Arrow
Press: ? - help, Shift-Dir - straight line, f/p - iguana
Aim: an iguana (heavily wounded)
The stone arrow hits the iguana.
The iguana is almost dead.
The iguana bites you.
You die...

#.# #.#
#.#######
#.#.....# #
#....######
#.#....#...<#
#.#.#....####
#......#.#
#..@##.#.#
#..l######
#.....
###...# #...#
#..!# ...>#
..>##


You could see an iguana.

Vanquished Creatures
  A hungry ghost (D:3)
  A crocodile (Sewer)
  2 dart slugs (D:2)
  3 leopard geckos
  An orc (D:3)
  11 bats
  5 giant cockroaches
  2 goblins
  5 hobgoblins
  4 jackals (D:3)
  4 kobolds
  3 ball pythons
  3 frilled lizards
  2 rats
47 creatures vanquished.

Notes
Turn   | Place    | Note
-------+----------+-------------------------------------------
     0 | D:1      | Gargo the Gargoyle Earth Elementalist began the quest for the Orb.
     0 | D:1      | Reached XP level 1. HP: 10/10 MP: 3/3
   183 | D:1      | Reached skill level 4 in Earth Magic
   183 | D:1      | Reached XP level 2. HP: 12/15 MP: 0/5
   494 | D:3      | Reached XP level 3. HP: 18/19 MP: 5/7
   499 | D:3      | Learned a level 3 spell: Stone Arrow
   538 | D:3      | Noticed a hungry ghost
   642 | D:3      | Found a shattered altar of Ashenzari.
   754 | D:3      | Killed a hungry ghost
   754 | D:3      | Reached skill level 1 in Conjurations
   754 | D:3      | Reached XP level 4. HP: 23/24 MP: 3/9
   754 | D:3      | Reached XP level 5. HP: 27/28 MP: 3/10
   823 | D:3      | Found a glowing drain.
   858 | Sewer    | Entered a sewer
   973 | Sewer    | Noticed a crocodile
  1011 | Sewer    | Killed a crocodile
  1011 | Sewer    | Reached skill level 5 in Earth Magic
  1011 | Sewer    | Reached XP level 6. HP: 31/32 MP: 1/12
  1086 | D:5      | Entered Level 5 of the Dungeon
  1132 | D:2      | Found a white marble altar of Elyvilon.
  1483 | D:4      | Slain by an iguana

Skill      XL: |  1  2  3  4  5 |
---------------+----------------+-----
Earth Magic    | 4 5 |  5.1
Spellcasting   | 3 4 |  4.3
Conjurations   | 1 2 |  2.5
Dodging        | |  1.5
Stealth        | |  2.1
Transmutations | |  0.7

Action                   |  1- 3 |  4- 6 || total
-------------------------+-------+-------++-------
Melee: Unarmed           |     4 |       ||     4
       Short sword       |    12 |    36 ||    48
       Club              |     3 |       ||     3
       Flail             |       |     3 ||     3
 Cast: Sandblast         |    33 |    38 ||    71
       Stone Arrow       |       |     2 ||     2
  Use: Scroll            |     7 |     2 ||     9
 Stab: Sleeping          |     3 |     1 ||     4
  Eat: Chunk             |       |     2 ||     2
Armor: Robe              |    10 |    31 ||    41
Dodge: Dodged            |    26 |    59 ||    85
